Map: [ESL] Gresvan

Players

KingCobra

  • Race: Protoss Protoss
  • Spawn Location: 5:00

MaNa - Winner!

  • Race: Protoss Protoss
  • Spawn Location: 11:00

Event: ESL SC2 Masters 2023 Summer (Regionals)

VOD

Have the link to the VOD?

Description

Time

  • Played on: May 6, 2023, 10:50 a.m.
  • Length: 5:29

All games in this series

Show
View Real Time Build Order
Export as new Build Order

KingCobra Protoss 

Build Orders:  

Get SALT Encoding   

  12  0:00  Probe  
  13  0:12  Probe  
  14  0:17  Pylon  
  14  0:24  Probe (Chrono Boost)  
  15  0:36  Probe (Chrono Boost)  
  15  0:37  Gateway  
  16  0:45  Probe (Chrono Boost)  
  16  0:46  Assimilator  
  17  0:51  Probe  
  18  0:58  Assimilator  
  18  1:04  Pylon  
  18  1:05  Probe (Chrono Boost)  
  19  1:16  Probe (Chrono Boost)  
  20  1:20  Probe (Chrono Boost)  
  20  1:24  Cybernetics Core  
  21  1:31  Probe  
  22  1:43  Probe  
  25  1:58  Nexus  
  23  2:02  Sentry (Chrono Boost)  
  23  2:03  Warp Gate  
  23  2:07  Probe  
  26  2:14  Pylon  
  26  2:16  Pylon  
  26  2:22  Stalker (Chrono Boost)  
  26  2:28  Probe  
  29  2:37  Shield Battery  
  29  2:45  Stalker  
  31  2:51  Pylon  
  31  2:57  Robotics Facility  
  31  3:04  Shield Battery  
  31  3:05  Shield Battery  
  29  3:13  Probe  
  29  3:20  Gateway  
  29  3:28  Probe  
  29  3:29  Probe  
  29  3:30  Stalker (Chrono Boost)  
  33  3:42  Immortal (Chrono Boost)  
  37  3:59  Shield Battery  
  37  4:04  Shield Battery  
  37  4:10  Gateway, Shield Battery  
  37  4:12  Sentry  
  39  4:19  Immortal (Chrono Boost)  
  43  4:27  Probe  
  43  4:28  Probe  
  45  4:49  Stalker x2  
  47  5:06  Stalker  
  34  5:15  Stalker  
  34  5:16  Stalker  
Show
View Real Time Build Order
Export as new Build Order

MaNa Protoss - Winner!

Build Orders:  

Get SALT Encoding   

  12  0:00  Probe  
  13  0:12  Probe  
  14  0:17  Pylon  
  14  0:24  Probe (Chrono Boost)  
  15  0:36  Probe (Chrono Boost)  
  15  0:38  Gateway  
  16  0:45  Probe (Chrono Boost)  
  16  0:48  Assimilator  
  17  0:51  Probe  
  18  1:03  Probe (Chrono Boost)  
  19  1:05  Assimilator  
  20  1:12  Probe (Chrono Boost)  
  20  1:13  Gateway  
  20  1:17  Probe (Chrono Boost)  
  21  1:28  Cybernetics Core  
  21  1:29  Probe  
  22  1:37  Pylon  
  22  1:41  Probe  
  23  1:55  Probe  
  24  2:02  Warp Gate (Chrono Boost)  
  24  2:05  Adept x2  
  24  2:07  Probe  
  29  2:20  Probe  
  30  2:32  Probe, Pylon  
  31  2:50  Adept x2  
  35  2:52  Robotics Facility  
  35  2:54  Gateway  
  34  3:00  Probe  
  34  3:01  Pylon  
  35  3:13  Probe  
  35  3:29  Probe  
  36  3:38  Immortal (Chrono Boost)  
  40  3:44  Sentry x2  
  40  3:46  Pylon  
  44  3:48  Stalker  
  44  3:52  Pylon  
  44  4:06  Warp Prism (Chrono Boost)  
  44  4:09  Adept, Sentry  
  50  4:15  Stalker  
  52  4:35  Immortal  
  56  4:56  Adept x2  
  52  5:18  Adept x3  
Tags
 
Add a new tag
Caveats
  • Supply blocks, unpowered buildings, or Contaminate may cause inaccurate times.
  • Supply counts are checked every 10 seconds.